AoeStats
← JoN

Lombardia

509439098Analyzed
4v4 RM · 5d ago on Sep 26, 2026· 42m 57s· 8 players
Game mode
Random Map
Map size
Large (8 player)
Population
200
Speed
Normal
Resources
Standard
Victory
Conquest
Starting age
Dark Age
Ending age
Imperial Age
RankedLock teamsTeams togetherTeam positionsShared explorationLock speedFull tech treeHidden civsTurbo modeCheats
Victory
Defeat
🇫🇷 Varangians · France
1217
+16
🇹🇷 Turks · Türkiye
1191
+17
🇭🇷 Aztecs · Croatia
1170
+18
🇪🇸 Franks · Spain
1153
+19
🇷🇺 Britons · Russia
1249
-18
🇧🇪 Mongols · Belgium
1240
-19
🇨🇳 Varangians · China
1223
-18
🇮🇳 Teutons · India
1158
-15
MuhafıZ
10:58 Feudal Age
15:41 Castle Age
16:50 Double-Bit Axe
17:05 Loom
24:10 Imperial Age
22:52 Bow Saw
26:22 Gold Mining
Filip_jede_Meso
11:16 Feudal Age
11:55 Double-Bit Axe
11:51 Horse Collar
12:51 Loom
17:32 Scale Mail Armor
22:52 Castle Age
21:08 Gold Mining
22:10 Forging
23:42 Squires
23:05 Eagle Warrior
24:02 Chain Mail Armor
25:32 Iron Casting
26:52 Wheelbarrow
26:31 Bow Saw
29:16 Hand Cart
29:11 Gambesons
28:50 Man-at-Arms
30:35 Fervor
30:45 Sanctity
31:47 Town Watch
32:07 Long Swordsman
32:32 Gambesons
34:57 Devotion
36:17 Heavy Plow
39:53 Imperial Age
38:21 Fortified Wall
39:58 Elite Eagle Warrior
41:10 Plate Mail Armor
41:41 Blast Furnace
43:09 Garland Wars
Nicolass
9:56 Feudal Age
11:13 Loom
17:43 Castle Age
18:55 Double-Bit Axe
20:05 Gold Mining
20:29 Bow Saw
23:49 Forging
26:56 Gold Shaft Mining
27:27 Scale Barding Armor
29:39 Fletching
33:13 Imperial Age
33:16 Chain Barding Armor
33:32 Iron Casting
33:33 Cavalier
34:14 Husbandry
35:37 Plate Barding Armor
36:19 Paladin
38:31 Blast Furnace
JoN
3:37 Loom
10:36 Feudal Age
12:05 Double-Bit Axe
12:02 Horse Collar
16:47 Wheelbarrow
20:40 Castle Age
20:57 Gold Mining
21:22 Bloodlines
21:20 Scale Barding Armor
21:26 Forging
22:08 Bow Saw
23:12 Husbandry
23:41 Heavy Plow
29:00 Iron Casting
30:02 Chain Barding Armor
36:35 Imperial Age
35:56 Stone Mining
36:47 Hand Cart
37:39 Cavalier
38:56 Plate Barding Armor
42:02 Blast Furnace
42:01 Stone Shaft Mining
41:42 Town Watch
Anomalyflair
9:18 Feudal Age
7:59 Loom
9:51 Double-Bit Axe
18:48 Castle Age
18:48 Bloodlines
19:10 Scale Barding Armor
20:46 Forging
23:35 Bow Saw
25:50 Wheelbarrow
26:18 Iron Casting
27:23 Husbandry
29:04 Chain Barding Armor
30:24 Pikeman
31:33 Horse Collar
31:43 Gold Mining
34:31 Padded Archer Armor
34:21 Fletching
gogo
10:02 Feudal Age
11:37 Loom
14:38 Castle Age
12:29 Double-Bit Axe
13:52 Horse Collar
21:43 Wheelbarrow
23:21 Gold Mining
25:38 Stone Mining
26:39 Scale Barding Armor
27:20 Forging
28:38 Chain Barding Armor
28:54 Iron Casting
28:36 Heavy Plow
30:45 Bow Saw
31:47 Stone Shaft Mining
31:09 Fletching
32:22 Hand Cart
31:52 Town Watch
36:23 Imperial Age
33:59 Town Patrol
33:43 Treadmill Crane
34:14 Masonry
34:00 Murder Holes
36:31 Husbandry
37:50 Conscription
38:37 Bloodlines
37:48 Light Cavalry
artemjunior
6:26 Loom
9:21 Feudal Age
13:35 Double-Bit Axe
18:48 Castle Age
17:04 Fletching
16:58 Horse Collar
19:08 Crossbowman
24:37 Wheelbarrow
25:31 Bodkin Arrow
26:04 Padded Archer Armor
31:27 Imperial Age
28:44 Town Watch
29:45 Hand Cart
29:54 Ballistics
30:16 Gold Mining
31:42 Arbalester
32:58 Bracer
34:42 Chemistry
36:24 Gold Shaft Mining
37:06 Leather Archer Armor
38:23 Bow Saw
40:05 Yeomen
Null Pointer
10:00 Loom
12:25 Feudal Age
13:05 Double-Bit Axe
13:03 Horse Collar
18:48 Castle Age
19:20 Forging
20:25 Wheelbarrow
20:09 Bow Saw
20:55 Heavy Plow
21:44 Iron Casting
22:10 Scale Barding Armor
25:40 Bloodlines
29:35 Hand Cart
33:15 Imperial Age
30:33 Town Watch
31:43 Chain Barding Armor
31:50 Gold Mining
32:40 Caravan
34:22 Pikeman
34:49 Cavalier
36:11 Town Patrol
Connection lost

Rejoining the realm…

Still unreachable

The connection could not be restored.

Session expired

The server has moved on; the page needs a fresh start.